 Dungeon Crawl Stone Soup version 0.19-a0-1068-g99dd0f4 (webtiles) character file.

165 Leszczynek the Cudgeler (level 5, 0/54 HPs)
             Began as an Ogre Berserker on Aug 4, 2016.
             Was a Believer of Trog.
             Slain by a quokka (4 damage)
             ... summoned by Eustachio
             ... on level 4 of the Dungeon.
             The game lasted 00:05:19 (2079 turns).

Leszczynek the Cudgeler (Ogre Berserker)            Turns: 2079, Time: 00:05:20

Health: 0/54       AC:  3    Str: 22    XL:     5   Next: 46%
Magic:  5/5        EV: 12    Int: 12    God:    Trog [**....]
Gold:   196        SH:  0    Dex:  9    Spells: 0 memorised, 4 levels left

rFire  . . .     SeeInvis .     a - +0 flail
rCold  . . .     Gourm    .     w - +0 animal skin
rNeg   . . .     Faith    .     (no shield)
rPois  .         Spirit   .     (helmet restricted)
rElec  .         Dismiss  .     (no cloak)
rCorr  .         Reflect  .     (gloves unavailable)
SustAt .         Harm     .     (boots unavailable)
MR     ++...                    l - amulet of regeneration
Stlth  +.........               (no ring)
                                m - +2 ring of evasion

@: brilliant, exhausted, regenerating, slowed, very slow
A: unfitting armour, tough skin 1
a: Berserk, Trog's Hand, Burn Spellbooks, Renounce Religion


You were on level 4 of the Dungeon.
You worshipped Trog.
Trog was pleased with you.
You were very hungry.

You visited 1 branch of the dungeon, and saw 4 of its levels.

You collected 196 gold pieces.

Inventory:

Hand Weapons
 a - a +0 flail (weapon)
 b - a +0 blowgun
 r - a +0 mace
Missiles
 e - 11 poisoned needles
 x - 20 sling bullets
Armour
 w - a +0 animal skin (worn)
Jewellery
 l - an amulet of regeneration (around neck)
 m - a +2 ring of evasion (left hand)
 p - an uncursed ring of ice
Wands
 o - a wand of flame (27/48)
Scrolls
 d - a scroll of remove curse {unknown}
 f - 2 scrolls of magic mapping {unknown}
 g - 2 scrolls of identify {unknown}
 n - a scroll of fog {unknown}
 t - a scroll of random uselessness {unknown}
Potions
 h - a potion of resistance {unknown}
 i - a potion of lignification {unknown}
 k - a potion of degeneration {unknown}
 q - 2 potions of curing {unknown}
 s - a potion of agility {unknown}
 u - a potion of mutation {unknown}
 z - a potion of brilliance
 A - a potion of cure mutation {unknown}
Comestibles
 c - 2 bread rations
 j - a meat ration
 v - 14 fruits


   Skills:
 - Level 4.0 Fighting
 + Level 7.0 Maces & Flails
 - Level 2.6 Dodging
 - Level 2.1 Stealth


You had 4 spell levels left.
You didn't know any spells.

Dungeon Overview and Level Annotations

Branches:
Dungeon (4/15)
 Temple: D:4-7

Altars:
Elyvilon

Annotations:
D:4 Eustachio


Innate Abilities, Weirdness & Mutations

You are too large for most types of armour.
You have tough skin. (AC +1)


Message History

The quokka barely misses you. The ufetubus hits you.
The ufetubus closely misses you. The quokka barely misses you. x2
The shadow imp hits you.
The quokka bites you but does no damage.
It was a potion of brilliance.
You feel clever all of a sudden. The ufetubus hits you.
* * * LOW HITPOINT WARNING * * *
The ufetubus barely misses you. The quokka bites you.
* * * LOW HITPOINT WARNING * * *
The quokka barely misses you. The quokka bites you.
* * * LOW HITPOINT WARNING * * *
The shadow imp hits you but does no damage.
Eustachio gestures wildly while chanting.
Eustachio blinks!
The ufetubus hits you but does no damage.
The ufetubus hits you.
* * * LOW HITPOINT WARNING * * *
The quokka bites you.
You die...

...# ##..##
#....# #....+
#....# #..r5# #
#.r55# .# #@r#
##...
...###.r##..##
#.............#
#........@....#
#.............#
+.............#
#..####.##...##
### #.# ...#
... ...#


You could see Eustachio, an iron imp, a river rat, a shadow imp, an ufetubus and
3 quokkas.

Vanquished Creatures
  Ijyb (D:3)
  Terence (D:3)
  A hound skeleton (D:4)
  4 adders
  An ooze (D:1)
  2 giant geckos (D:2)
  4 orcs (D:3)
  2 bats
  2 giant cockroaches
  7 goblins
  A hobgoblin (D:2)
  12 jackals (D:2)
  A quokka (D:2)
  2 giant newts
  10 kobolds
  6 rats
57 creatures vanquished.

Notes
Turn   | Place    | Note
-------+----------+-------------------------------------------
     0 | D:1      | Leszczynek the Ogre Berserker began the quest for the Orb.
     0 | D:1      | Reached XP level 1. HP: 24/24 MP: 1/1
     0 | D:1      | time to appreciate some good ol' ogres
     0 | D:1      | look at this
     0 | D:1      | i have 3 fucking AC
     0 | D:1      | 3
     0 | D:1      | THREE
     0 | D:1      | so much
     0 | D:1      | how can i ever complain about this
    91 | D:1      | Reached skill level 1 in Stealth
   205 | D:1      | Reached XP level 2. HP: 32/32 MP: 2/2
   642 | D:2      | Reached skill level 2 in Stealth
   670 | D:2      | Reached XP level 3. HP: 39/39 MP: 3/3
   707 | D:2      | Reached ** piety under Trog
   952 | D:2      | You fall through a shaft!
   953 | D:3      | Noticed Ijyb
   962 | D:3      | Killed Ijyb
   962 | D:3      | Reached skill level 5 in Maces & Flails
   962 | D:3      | Reached XP level 4. HP: 48/48 MP: 4/4
  1038 | D:3      | Noticed Terence
  1256 | D:3      | Reached skill level 6 in Maces & Flails
  1494 | D:2      | Reached XP level 5. HP: 54/54 MP: 5/5
  1545 | D:2      | Found a white marble altar of Elyvilon.
  1764 | D:3      | Reached *** piety under Trog
  1987 | D:3      | Killed Terence
  1990 | D:3      | one hit kill
  1990 | D:3      | this is so damn easy
  2063 | D:4      | Noticed Eustachio
  2069 | D:4      | Reached skill level 7 in Maces & Flails
  2079 | D:4      | HP: 5/54 [quokka[Eustachio] (2)]
  2079 | D:4      | Slain by a quokka

Vault maps used:
D:1:      eino_arrival_water_cross
D:2:      nicolae_overflow_crystal_walls, grunt_ministairs_9,
          serial_park_tiny_pond, minmay_item_behind_shaft, hex_tiny
D:3:      first_bread, hangedman_abyss_or_decor_lesser_grid, bh_chokoban,
          uniq_terence, uniq_iyjb
D:4:      uniq_robin, uniq_eustachio, uniq_natasha, uniq_duvessa, uniq_purgy

Skill      XL: |  1  2  3  4  5 |
---------------+----------------+-----
Stealth        | 1 2 |  2.1
Maces & Flails | 5 6 7 |  7.0
Fighting       | |  4.0
Dodging        | |  2.6

Action                   |  1- 3 |  4- 6 || total
-------------------------+-------+-------++-------
Melee: Mace              |    75 |    27 ||   102
       Flail             |       |    54 ||    54
Invok: Berserk           |     2 |     6 ||     8
       Trog's Hand       |       |     1 ||     1
  Use: Potion            |       |     1 ||     1
 Stab: Sleeping          |     1 |     2 ||     3
  Eat: Chunk             |     1 |     8 ||     9
       Royal jelly       |       |     1 ||     1
Armor: Animal skin       |    15 |    26 ||    41
Dodge: Dodged            |    47 |    75 ||   122
